 Dungeon Crawl Stone Soup version 0.29.1-13-g9f3cf754e1 (webtiles) character file.

Game seed: 7078822556188632523

47 growler the Magician (level 3, -5/24 HPs)
             Began as a Demonspawn Wanderer on Feb 7, 2023.
             Slain by Sigmund
             ... wielding a +0 scythe
              (10 damage)
             ... on level 2 of the Dungeon.
             The game lasted 00:03:20 (1433 turns).

growler the Magician (Demonspawn Wanderer)          Turns: 1433, Time: 00:03:22

Health: -5/24      AC:  3    Str: 11    XL:     3   Next: 48%
Magic:  6/9        EV: 10    Int: 14    God:
Gold:   74         SH:  4    Dex: 14    Spells: 8/12 levels left

rFire   . . .      SeeInvis .   l - +2 dagger (venom)
rCold   . . .      Faith    .   d - +0 buckler
rNeg    . . .      Spirit   .   c - +0 robe
rPois   .          Reflect  .   (no helmet)
rElec   .          Harm     .   (no cloak)
rCorr   .          Rampage  .   (no gloves)
Will    .....                   (no boots)
Stlth   ++........              (no amulet)
HPRegen 0.08/turn               (no ring)
MPRegen 0.11/turn               (no ring)

@: on berserk cooldown, slowed, very slow
A: rugged brown scales 1
a: no special abilities


You were on level 2 of the Dungeon.
You visited 1 branch of the dungeon, and saw 2 of its levels.

You collected 74 gold pieces.

Inventory:

Hand Weapons
 l - a +2 dagger of venom (weapon)
Armour
 c - a +0 robe (worn)
 d - a +0 buckler (worn)
Magical Staves
 j - a staff of conjuration
Wands
 a - a wand of paralysis (5)
Scrolls
 b - 5 scrolls of teleportation
 f - a scroll of noise {unknown}
 g - 2 scrolls of magic mapping {unknown}
 h - a scroll of poison {unknown}
 i - a scroll of identify {unknown}
Potions
 e - a potion of haste {unknown}
 k - a potion of curing {unknown}
 n - a potion of degeneration {unknown}


   Skills:
 - Level 1.0 Throwing
 - Level 1.0 Stealth
 - Level 1.0 Shields
 - Level 5.0 Spellcasting
 + Level 3.6 Earth Magic


You had 8 spell levels left.
You knew the following spells:

 Your Spells              Type           Power      Damage    Failure   Level
a - Sandblast             Erth           26%        2d8       5%          1
b - Stone Arrow           Conj/Erth      16%        3d8       34%         3

Your spell library contained the following spells:

 Spells                   Type           Power      Damage    Failure   Level
 Passwall                 Tmut/Erth      6%         N/A       17%         2
 Magic Dart               Conj           12%        1d3       24%         1


Dungeon Overview and Level Annotations

Branches:
Dungeon (2/15)

Altars:

Shops:
D:1 :

Annotations:
D:2 Sigmund


Innate Abilities, Weirdness & Mutations

You are partially covered in rugged brown scales. (AC +1, +3% HP)


Message History

Press: ? - help, Shift-Dir - straight line, f/p - Sigmund
Aim: Sigmund, wielding a +0 scythe and wearing a +2 robe of willpower (lightly wounded, 80% to hit)
The blast of sand hits Sigmund.
Sigmund is lightly wounded.
Sigmund casts a spell at you. You resist with significant effort.
Casting: Sandblast (safe; 5% risk of failure)
Confirm with . or Enter, or press ? or * to list all spells.
Aiming: Sandblast (safe; 5% risk of failure)
Press: ? - help, Shift-Dir - straight line, f/p - Sigmund
Aim: Sigmund, wielding a +0 scythe and wearing a +2 robe of willpower (lightly wounded, 80% to hit)
The blast of sand hits Sigmund.
Sigmund is moderately wounded.
Sigmund casts a spell at you.
You are confused.
It was a potion of berserk rage.
A red film seems to cover your vision as you go berserk!
You feel yourself moving faster!
You feel mighty!
Sigmund hits you from afar with a +0 scythe.
You feel a strong urge to attack something.
You bump into the rock wall.
Sigmund barely misses you.
You feel your anger nearly subside.
You are no longer berserk.
You are exhausted.
You feel yourself slow down.
You hit Sigmund.
Sigmund is poisoned.
Sigmund is moderately wounded.
Sigmund barely misses you.
You bump into the rock wall.
You feel less confused. Sigmund misses you.
You closely miss Sigmund.
Sigmund is moderately wounded.
Sigmund hits you with a +0 scythe.
You closely miss Sigmund.
Sigmund is moderately wounded.
Sigmund points at you and mumbles some strange words.
The magic dart hits you.
* * * LOW HITPOINT WARNING * * *
Sigmund hits you with a +0 scythe!
You die...

##############
#............#
#.#.#######..#####.
######<#.#
#....@.......#
.........#
#.###@.#######
######.#.# #..#
######.#.###.# #..#
##............ ...#
##.#.#...####. #..#
##.#.#........ ...#
.....#..#####. #..#
........#


You could see Sigmund (poisoned).

Vanquished Creatures
  An adder (D:2)
  A worm (D:2)
  2 bats (D:1)
  4 endoplasms
  2 hobgoblins (D:1)
  6 kobolds
  3 ball pythons (D:1)
  4 frilled lizards (D:1)
  7 goblins
  4 rats (D:1)
34 creatures vanquished.

Notes
Turn   | Place    | Note
-------+----------+-------------------------------------------
     0 | D:1      | growler the Demonspawn Wanderer began the quest for the
                  | Orb.
     0 | D:1      | growler set off with the following items: a +0 dagger, a
                  | scroll of teleportation, a +0 robe, a +0 buckler; and the
                  | following spells available to memorise: Sandblast, Magic
                  | Dart, Passwall, Stone Arrow.
     0 | D:1      | Reached XP level 1. HP: 13/13 MP: 6/6
    39 | D:1      | Learned a level 1 spell: Sandblast
   138 | D:1      | Found Jamoles's Book Shop.
   301 | D:1      | Gained mutation: You are partially covered in rugged brown
                  | scales. (AC +1, +3% HP) [demonic ancestry]
   301 | D:1      | Reached XP level 2. HP: 12/19 MP: 1/8
  1225 | D:2      | Reached XP level 3. HP: 24/24 MP: 5/9
  1229 | D:2      | Learned a level 3 spell: Stone Arrow
  1419 | D:2      | Noticed Sigmund
  1433 | D:2      | Slain by Sigmund

Illustrated notes

Levels and vault maps discovered:
D:1:      scummos_arrival_simple_fountains, layout_basic, serial_shops,
          nicolae_shop_window_shopping, minmay_pentomino_v2
D:2:      layout_loops_ring, dreamdust_wishing_well, feat_on_display,
          uniq_sigmund

Skill      XL: |  1  2 |
---------------+-------+-----
Earth Magic    | 2 3 |  3.6
Throwing       | |  1.0
Stealth        | |  1.0
Shields        | |  1.0
Spellcasting   | |  5.0

Action                   || total
-------------------------++-------
Melee: Dagger            ||    12
 Cast: Sandblast         ||    47
  Use: Potion            ||     1
Armor: Robe              ||     7
Dodge: Dodged            ||    12
Block: Buckler           ||     5
